 Dungeon Crawl Stone Soup version 0.31.0-11-ge490571c62 (webtiles) character file.

Game seed: 15291304668743611088

5173 drock the Cleaver (level 10, -5/71 (94) HPs)
             Began as a Hill Orc Fighter on Jan 27, 2024.
             Was a Follower of the Shining One.
             Slain by a spectral orc knight
             ... wielding a +1 glaive
             ... summoned by Nergalle
              (17 damage)
             ... on level 10 of the Dungeon.
             The game lasted 00:43:14 (11501 turns).

drock the Cleaver (Hill Orc Fighter)               Turns: 11501, Time: 00:43:19

HP:   -5/71 (94)    AC:  8    Str: 24    XL:     10   Next: 59%
MP:   10/10         EV:  9    Int:  8    God:    the Shining One [*.....]
Gold: 572           SH:  5    Dex: 10    Spells: 9/9 levels left

rFire   . . .        a - +1 war axe (flame)
rCold   + . .        c - +0 buckler
rNeg    . . .        b - +0 scale mail
rPois   .            (no helmet)
rElec   .            I - scarf {repulsion}
rCorr   .            (no gloves)
SInv    .            (no boots)
Will    .....        (no amulet)
Stlth   x              - ring of protection from cold
HPRegen 0.31/turn    (no ring)
MPRegen 0.12/turn

%: repel missiles
@: weak-willed, glowing, heavily drained
A: no striking features
a: Renounce Religion, Divine Shield


You were on level 10 of the Dungeon.
You worshipped the Shining One.
The Shining One was aware of your devotion.
You visited 2 branches of the dungeon, and saw 11 of its levels.

You collected 572 gold pieces.

Inventory:

Hand Weapons
 a - a +1 war axe of flaming (weapon)
 s - the +7 hand axe of Charity {flame, rN++ Will- Dex+3}
   (You found it on level 5 of the Dungeon)

   Dex+3:     It affects your dexterity (+3).
   rN++:      It greatly protects you from negative energy.
   Will-:     It decreases your willpower.
Missiles
 H - 38 poisoned darts (quivered)
Armour
 b - a +0 scale mail (worn)
 c - a +0 buckler (worn)
 A - a +1 helmet
 F - the +1 scale mail "Meyzxud Ceri" {Harm rF- Dex-3 Slay+4}
   (You found it on level 5 of the Dungeon)

   Dex-3:     It affects your dexterity (-3).
   Slay+4:    It affects your accuracy & damage with ranged weapons and melee
   (+4).
   rF-:       It makes you vulnerable to fire.
   Harm:      It increases damage dealt and taken.
 I - a scarf of repulsion (worn)
 P - +0 steam dragon scales
Jewellery
 k - an amulet of magic regeneration
 p - an amulet of faith
 x - a ring of protection from cold (left hand)
 y - a ring of ice
 K - an amulet of guardian spirit
Wands
 L - a wand of mindburst (2)
 O - a wand of digging (1)
 Q - a wand of flame (19)
 S - a wand of polymorph (7)
Scrolls
 f - 2 scrolls of vulnerability
 g - 2 scrolls of fear
 i - 4 scrolls of poison
 l - a scroll of identify
 m - 2 scrolls of fog
 o - a scroll of blinking {unknown}
 r - 4 scrolls of enchant weapon
 u - a scroll of torment {unknown}
 w - 3 scrolls of amnesia
 C - a scroll of teleportation {unknown}
 D - a scroll of enchant armour
 J - a scroll of immolation
 M - a scroll of summoning {unknown}
Potions
 d - a potion of might
 e - a potion of invisibility {unknown}
 h - 4 potions of mutation
 j - 5 potions of curing
 n - 2 potions of heal wounds
 q - 2 potions of attraction
 t - 3 potions of resistance {unknown}
 v - a potion of ambrosia {unknown}
 z - 4 potions of brilliance {unknown}
 B - a potion of haste {unknown}
 E - a potion of enlightenment {unknown}
 G - a potion of lignification {unknown}
 N - a potion of berserk rage {unknown}
 R - a potion of cancellation {unknown}


   Skills:
 + Level 10.3 Fighting
 + Level 10.8 Axes
 - Level 5.0 Throwing
 + Level 9.4 Armour
 - Level 5.0 Shields


You had 9 spell levels left.
You didn't know any spells.
Your spell library contained the following spells:

 Spells                   Type           Power      Damage    Failure   Level
 Apportation              Tloc           0%         N/A       73%         1
 Shock                    Conj/Air       0%         1d3       73%         1
 Jinxbite                 Hex            0%         N/A       86%         2
 Inner Flame              Hex/Fire       0%         N/A       97%         3
 Swiftness                Air            0%         N/A       97%         3
 Airstrike                Air            0%         2d(0-16)  100%        4
 Alistair's Intoxication  Alch           0%         N/A       100%        5
 Irradiate                Conj/Alch      0%         3d11      100%        5
 Ignition                 Fire           0%         3d3       100%        8


Dungeon Overview and Level Annotations

Branches:
Dungeon (10/15)            Temple (1/1) D:5            Lair (0/5) D:9
    Orc: D:9-12

Altars:
Cheibriados
Dithmenos
Elyvilon
Fedhas
Gozag
Hepliaklqana
Kikubaaqudgha
Makhleb
Nemelex Xobeh
Okawaru
Qazlal
Sif Muna
Trog
Uskayaw
Vehumet
Wu Jian
Xom
Yredelemnul
Zin
The Shining One

Shops:
D:5 *

Annotations:
D:7 1 runed translucent door, exclusion: door, Crazy Yiuf
D:8 1 runed translucent door
D:10 Josephine, Nergalle


Message History

The spectral orc knight hits you with a +2 battleaxe!!
The spectral orc knight closely misses you.
As you read the scroll labelled RIOCEA IQEYQADD, it crumbles to dust.
The creatures around you are filled with an inner flame!
It was a scroll of immolation.
Flame seeps out of Nergalle.
The spectral orc warlord hits you.
Nergalle is engulfed in blazing flames.
Flame seeps out of Nergalle.
Nergalle points at the spectral orc knight and mumbles some strange words.
The spectral orc knight seems to speed up.
The spectral orc knight hits you from afar with a +1 glaive!!
You feel drained.
The spectral orc knight hits you with a +2 battleaxe!
* * * LOW HITPOINT WARNING * * *
You feel drained.
* * * LOW HITPOINT WARNING * * *
You feel much better.
Flame seeps out of Nergalle.
The spectral orc warlord hits you!
* * * LOW HITPOINT WARNING * * *
Nergalle is engulfed in blazing flames.
Flame seeps out of Nergalle.
The spectral orc knight closely misses you.
The spectral orc knight hits you from afar with a +1 glaive!
* * * LOW HITPOINT WARNING * * *
You feel much better.
Flame seeps out of Nergalle.
The spectral orc knight hits you with a +2 battleaxe!
* * * LOW HITPOINT WARNING * * *
You feel drained.
* * * LOW HITPOINT WARNING * * *
The spectral orc warlord hits you!
* * * LOW HITPOINT WARNING * * *
You feel drained.
* * * LOW HITPOINT WARNING * * *
The spectral orc knight hits you from afar with a +1 glaive.
* * * LOW HITPOINT WARNING * * *
You feel much better. The spectral orc warlord hits you!
* * * LOW HITPOINT WARNING * * *
You feel drained.
* * * LOW HITPOINT WARNING * * *
The spectral orc knight is engulfed in blazing flames.
The spectral orc knight hits you from afar with a +1 glaive!
You die...

#######.$
#(....o.. #.#.#
#.#(# #.#.# #.#c#
# #.#Z# #.#.#o#
#.#.#@# #..ZZ.#
#########
####.#####........
#..........#######
####.#####<.......
### #########


You could see Nergalle (inner flame, poisoned, weak-willed), 2 spectral orc
knights, a spectral orc warlord (summoned) and a centaur (inner flame,
weak-willed).

Vanquished Creatures
  A komodo dragon (D:9)
  Prince Ribbit (D:5)
  A wraith (D:10)
  A wyvern (D:9)
  4 yaks (D:9)
  3 steam dragons (D:8)
  3 water moccasins
  Duvessa (D:6)
  3 orc warriors
  2 black bears
  An ogre (D:5)
  3 centaurs
  A phantom (D:6)
  3 kobold brigands
  A bullfrog (D:7)
  A gnoll sergeant (D:8)
  A scorpion (D:7)
  Dowan (D:6)
  6 wights
  4 killer bees (D:10)
  A howler monkey (D:9)
  3 jellies
  4 hounds
  3 bombardier beetles
  7 orc priests
  Jessica (D:2)
  5 sleepcaps
  Natasha (D:2)
  3 iguanas
  5 orc wizards
  7 adders
  3 gnolls (D:8)
  A shadow imp (D:6)
  A white imp (D:6)
  4 ufetubi
  3 dart slugs
  2 ribbon worms (D:4)
  39 orcs
  3 bats
  5 endoplasms
  4 giant cockroaches
  9 goblins
  7 hobgoblins
  18 kobolds
  3 ball pythons (D:4)
  5 frilled lizards
  A goblin zombie (D:8)
  5 rats
195 creatures vanquished.

Notes
Turn   | Place    | Note
-------+----------+-------------------------------------------
     0 | D:1      | drock the Hill Orc Fighter began the quest for the Orb.
     0 | D:1      | Reached XP level 1. HP: 19/19 MP: 1/1
   130 | D:1      | Reached XP level 2. HP: 26/27 MP: 2/2
   634 | D:2      | Reached XP level 3. HP: 30/33 MP: 3/3
   788 | D:2      | Noticed Natasha
   792 | D:2      | Killed Natasha
   821 | D:2      | Reached XP level 4. HP: 40/40 MP: 4/4
  1192 | D:2      | Noticed Jessica
  1195 | D:2      | Killed Jessica
  1538 | D:3      | Reached XP level 5. HP: 46/47 MP: 5/5
  1634 | D:3      | Found a stormy altar of Qazlal.
  2410 | D:4      | Reached skill level 5 in Fighting
  2410 | D:4      | Reached XP level 6. HP: 51/56 MP: 6/6
  2552 | D:4      | Reached skill level 5 in Axes
  3098 | D:5      | Entered Level 5 of the Dungeon
  3119 | D:5      | Identified the +1 scale mail "Meyzxud Ceri" {Harm rF- Dex-3
                  | Slay+4}
  3142 | D:5      | Noticed Prince Ribbit
  3209 | D:5      | Reached skill level 5 in Armour
  3209 | D:5      | Reached skill level 5 in Shields
  3252 | D:5      | Noticed a black bear
  3321 | D:5      | Reached XP level 7. HP: 58/61 MP: 7/7
  3344 | D:5      | Found Butin's General Store.
  4075 | D:6      | Found a shimmering blue altar of Sif Muna.
  4109 | D:6      | Noticed Dowan
  4109 | D:6      | Noticed Duvessa
  4576 | D:7      | Reached skill level 1 in Throwing
  4576 | D:7      | Reached XP level 8. HP: 24/71 MP: 8/8
  5380 | D:6      | You fall into a shaft and drop 1 floor!
  5808 | D:7      | Found a runed translucent door.
  5809 | D:7      | Noticed Crazy Yiuf
  6402 | D:6      | Reached XP level 9. HP: 45/81 MP: 9/9
  7076 | D:5      | Killed Prince Ribbit
  7353 | D:5      | Identified the +7 hand axe of Charity {flame, rN++ Will-
                  | Dex+3}
  7397 | D:5      | Found a staircase to the Ecumenical Temple.
  7440 | Temple   | Entered the Ecumenical Temple
  7449 | Temple   | Became a worshipper of the Shining One
  7673 | D:6      | Killed Dowan
  7681 | D:6      | Killed Duvessa
  8106 | D:6      | Found a radiant altar of Vehumet.
  8415 | D:8      | Found an ornate altar of the Wu Jian Council.
  9009 | D:8      | Found a blossoming altar of Fedhas.
  9014 | D:8      | Found a shimmering altar of Xom.
  9313 | D:8      | Reached XP level 10. HP: 64/91 MP: 10/10
  9422 | D:8      | Found a runed translucent door.
  9434 | D:8      | Found a basalt altar of Yredelemnul.
  9793 | D:9      | Reached skill level 5 in Throwing
  9962 | D:9      | Reached skill level 10 in Axes
 10143 | D:9      | Found a staircase to the Lair.
 10224 | D:9      | Found a flagged portal.
 10225 | D:9      | Reached * piety under the Shining One
 10235 | D:9      | Reached skill level 10 in Fighting
 10971 | D:10     | Entered Level 10 of the Dungeon
 11274 | D:10     | Noticed Josephine
 11487 | D:10     | Noticed Nergalle
 11496 | D:10     | Noticed a spectral orc warlord
 11501 | D:10     | Slain by a spectral orc knight

Illustrated notes

Levels and vault maps discovered:
D:1:      evilmike_arrival_rings, layout_rooms, serial_glass, glass_columns_a,
          glass_columns_a
D:2:      layout_loops_ring, kennysheep_cluttered_room, uniq_jessica,
          uniq_natasha
D:3:      layout_basic, mainiacjoe_overflow_concentric_impassable
D:4:      layout_rooms, serial_bayou_lagoon_b
D:5:      layout_basic, minmay_temple_entry_gardened_gates, serial_shops, shop,
          kennysheep_small_circle, uniq_prince_ribbit1
D:6:      layout_basic, led_sif_book, lemuel_crystal_altar,
          minmay_misc_feat_alley, hangedman_abyss_or_decor_passed, st_stairs_2,
          kennysheep_generic_room_16, uniq_duvessa
D:7:      minmay_spotlight, layout_layer_cave, uniq_crazy_yiuf_cottage
D:8:      layout_cave_pools, dk_yredelemnul_ordeal, grunt_temple_overflow_open,
          corexii_leaking_fountain
D:9:      layout_loops_ring, david_lair_shrubbed, enter_bailey_2
D:10:     layout_basic, hangedman_ru_absence, lemuel_tele_altar, uniq_erolcha,
          uniq_harold, uniq_sonja, uniq_nergalle, uniq_josephine
Temple:   nicolae_temple_ecumenical_triangle

Skill      XL: |  1  2  3  4  5  6  7  8  9 10 |
---------------+-------------------------------+-----
Axes           | 3 4 5 6 8 9 10 | 10.8
Fighting       | 4 5 6 7 9 10 | 10.3
Armour         | 4 5 6 7 8 9 |  9.4
Shields        | 4 5 |  5.0
Throwing       | 1 3 4 5 |  5.0

Action                     |  1- 3 |  4- 6 |  7- 9 | 10-12 || total
---------------------------+-------+-------+-------+-------++-------
  Melee: War axe           |    74 |   154 |   275 |   116 ||   619
  Throw: Dart              |       |       |     6 |     2 ||     8
  Evoke: Wand              |       |       |     5 |       ||     5
    Use: Potion            |       |     1 |     1 |     3 ||     5
         Scroll            |       |     3 |     9 |     3 ||    15
 Armour: Scale mail        |    53 |    74 |   238 |    78 ||   443
  Dodge: Dodged            |    41 |    78 |   141 |    50 ||   310
         Repelled          |       |       |     4 |       ||     4
  Block: Buckler           |    25 |    33 |    57 |    22 ||   137
